 Dungeon Crawl Stone Soup version 0.30-a0-358-g0d69a1922f (webtiles) character file.

Game seed: 12549864901606667265

241 wotkd0121004 the Sneak (level 6, -1/36 HPs)
             Began as an Octopode Earth Elementalist on Nov 8, 2022.
             Slain by Robin
             ... wielding a +0 short sword
              (4 damage)
             ... on level 3 of the Dungeon.
             The game lasted 00:05:41 (2467 turns).

wotkd0121004 the Sneak (OpEE)                       Turns: 2467, Time: 00:05:42

Health: -1/36      AC:  2    Str: 13    XL:     6   Next: 8%
Magic:  7/10       EV: 14    Int: 19    God:
Gold:   104        SH:  0    Dex: 13    Spells: 10/11 levels left

rFire   . . .      SeeInvis .    l - +2 dagger (venom)
rCold   . . .      Faith    .    (no shield)
rNeg    . . .      Spirit   .    c - +1 hat
rPois   .          Reflect  .    (no amulet)
rElec   .          Harm     .    h - +6 ring of strength
rCorr   .          Rampage  .    (no ring)
Will    .....                    (no ring)
Stlth   ++++......               (no ring)
HPRegen 0.26/turn                (no ring)
MPRegen 0.12/turn                (no ring)
                                 (no ring)
                                 (no ring)

@: mighty
A: almost no armour, amphibious, 8 rings, camouflage 1, gelatinous body 1,
(nimble swimmer 1), tentacles
a: no special abilities


You were on level 3 of the Dungeon.
You visited 1 branch of the dungeon, and saw 3 of its levels.

You collected 104 gold pieces.

Inventory:

Hand Weapons
 l - a +2 dagger of venom (weapon)
 q - a +2 whip of venom
Armour
 c - a +1 hat (worn)
 m - a +0 buckler
Magical Staves
 e - a staff of death
Jewellery
 h - a +6 ring of strength (left tentacle)
 i - a ring of fire
Scrolls
 f - a scroll of torment
 g - a scroll of magic mapping {unknown}
 j - 2 scrolls of enchant weapon {unknown}
 o - a scroll of summoning {unknown}
Potions
 a - 3 potions of magic
 b - 2 potions of might
 d - 2 potions of mutation
 n - a potion of flight {unknown}
 p - a potion of haste {unknown}


   Skills:
 + Level 3.2 Dodging
 + Level 4.5 Stealth
 + Level 3.0 Spellcasting
 + Level 2.5 Transmutations
 + Level 4.0 Earth Magic


You had 10 spell levels left.
You knew the following spells:

 Your Spells              Type           Power      Damage    Failure   Level
a - Sandblast             Erth           36%        2d10      3%          1

Your spell library contained the following spells:

 Spells                   Type           Power      Damage    Failure   Level
 Passwall                 Tmut/Erth      12%        N/A       6%          2
 Kiss of Death            Conj/Necr      8%         2d6       16%         1
 Stone Arrow              Conj/Erth      20%        3d8       21%         3
 Petrify                  Tmut/Erth      15%        N/A       36%         4
 Anguish                  Hex/Necr       1%         N/A       83%         4
 Iron Shot                Conj/Erth      5%         9d2       100%        6
 Infestation              Necr           1%         N/A       100%        8


Dungeon Overview and Level Annotations

Branches:
Dungeon (3/15)

Altars:

Annotations:
D:3 1 runed translucent door, Encipher's ghost, amateur AtFi; Robin


Innate Abilities, Weirdness & Mutations

You cannot wear most types of armour.
You are amphibious.
You can wear up to eight rings at the same time.
Your skin changes colour to match your surroundings (Stealth+).
Your rubbery body absorbs attacks. (AC +1, EV +1)
((You are camouflaged when in or above water. (Stealth+)))
You have tentacles for arms and can constrict up to eight enemies at once.


Message History

The blast of sand hits the goblin!
You kill the goblin!
The hobgoblin closely misses you. Robin throws the goblin at you!
Unknown command.
You hit the goblin but do no damage.
The goblin is poisoned.
You grab the goblin. You constrict the goblin. The hobgoblin barely misses you.
The goblin misses you.
Robin roars a battlecry!
A hobgoblin comes into view.
You barely miss the goblin. You squeeze the goblin.
You kill the goblin!
The hobgoblin closely misses you. Robin throws the goblin at you!
You hit the goblin.
The goblin is poisoned.
Your grab misses the goblin. Your squeeze misses the goblin.
The goblin is heavily wounded.
The hobgoblin hits you from afar with a +0 glaive!
The goblin hits you with a +0 club.
* * * LOW HITPOINT WARNING * * *
You hit the goblin.
You kill the goblin!
The hobgoblin barely misses you. Robin throws the goblin at you!
You feel much better. The hobgoblin closely misses you.
The goblin hits you with a +0 dagger. Robin hits you with a +0 short sword.
You hit Robin.
Robin is poisoned.
Your grab misses Robin. You squeeze Robin.
Robin is moderately wounded.
The hobgoblin barely misses you. The goblin closely misses you.
Robin closely misses you.
You barely miss Robin. Your grab misses Robin. Your squeeze misses Robin.
Robin is moderately wounded.
The hobgoblin hits you from afar with a +0 glaive!!
Ouch! That really hurt!
* * * LOW HITPOINT WARNING * * *
The goblin misses you. Robin hits you with a +0 short sword.
* * * LOW HITPOINT WARNING * * *
It was a potion of might.
You feel very mighty all of a sudden. The hobgoblin closely misses you.
The goblin hits you with a +0 dagger.
* * * LOW HITPOINT WARNING * * *
Robin hits you with a +0 short sword.
You die...

##.# #######..##..#.# #......
##.# . #.......#.# #.....#
##.# .. #.........#####....##
...# ..#.......##..†.....##.
#### ....#)....<.......##..
[..# .##.#.#.###.......#W.?
##.## .. #.gg..# ####.#..##..
#...# ###g### #)#...##. ...[#
#@# #.#....## #...# #g#
#.#.....# ...## #####.#
#.#...... ##.#### #.....#
#........ #....# #.#####
#####.#.. ####.# #.#
##############.#.# #.######.#
#......##......###
#........###.####.#...###....
###########...........# #.###


You could see Robin (very poisoned), 2 hobgoblins and a goblin (strong).

Vanquished Creatures
  Sigmund (D:3)
  2 adders (D:2)
  2 dart slugs (D:2)
  9 endoplasms
  3 giant cockroaches
  9 goblins
  7 hobgoblins
  3 jackals (D:1)
  6 kobolds
  A quokka (D:1)
  4 ball pythons
  2 bats
  3 frilled lizards
  5 rats (D:1)
57 creatures vanquished.

Notes
Turn   | Place    | Note
-------+----------+-------------------------------------------
     0 | D:1      | wotkd0121004 the Octopode Earth Elementalist began the
                  | quest for the Orb.
     0 | D:1      | Reached XP level 1. HP: 11/11 MP: 3/3
    71 | D:1      | Reached XP level 2. HP: 4/17 MP: 0/5
   711 | D:1      | Reached XP level 3. HP: 21/21 MP: 6/6
   899 | D:1      | Got the Parchment of Sinister Terra Firma
  1047 | D:2      | Identified the +1 pair of boots of Kenemais {rC+++ Str-3
                  | Int-2 SInv}
  1413 | D:2      | Reached XP level 4. HP: 26/27 MP: 4/7
  2238 | D:3      | Noticed Encipher's ghost (amateur AtFi)
  2250 | D:3      | Found a runed translucent door.
  2259 | D:3      | Noticed Sigmund
  2275 | D:3      | Killed Sigmund
  2276 | D:3      | Reached XP level 5. HP: 12/31 MP: 3/9
  2276 | D:3      | Reached XP level 6. HP: 14/36 MP: 3/10
  2454 | D:3      | Noticed Robin
  2467 | D:3      | Slain by Robin

Illustrated notes

Levels and vault maps discovered:
D:1:      amcnicky_arrival_abandoned_market, layout_basic, st_stairs_5
D:2:      layout_basic, minmay_puff
D:3:      layout_loops_cross, nicolae_ru_great_annihilating_truth,
          hellmonk_ghost_happy_afterlife, patterned_corridor, uniq_sigmund,
          uniq_robin, uniq_grinder

Skill      XL: |  1  2  3  4 |
---------------+-------------+-----
Stealth        | 3 4 |  4.5
Dodging        | 3 |  3.2
Spellcasting   | 3 |  3.0
Transmutations | 2 |  2.5
Earth Magic    | 4 |  4.0

Action                   |  1- 3 |  4- 6 || total
-------------------------+-------+-------++-------
Melee: Unarmed           |    22 |       ||    22
       Tentacles         |    15 |     3 ||    18
       Constrict         |    17 |     2 ||    19
       Punch             |     1 |       ||     1
       Staff             |    43 |     1 ||    44
       Dagger            |       |    12 ||    12
 Cast: Sandblast         |    23 |    17 ||    40
  Use: Scroll            |     2 |     3 ||     5
       Potion            |       |     2 ||     2
 Stab: Sleeping          |    13 |     1 ||    14
Armor: Skin              |    10 |     2 ||    12
Dodge: Dodged            |    37 |    16 ||    53

Table legend: (Time is in decaauts)
 A = Elapsed time spent in this place.
 B = Non-inter-level travel time spent in this place.
 C = Inter-level travel time spent in this place.
 D = Time resting spent in this place.
 E = Time spent auto-exploring this place.
 F = Levels seen in this place.
 G = Mean time per level.
                   A        B        C        D        E       F      G
               +--------+--------+--------+--------+--------+-----+--------+
         Total |   2493 |   2428 |     65 |    128 |   1867 |   3 |  831.0 |
       Dungeon |   2493 |   2428 |     65 |    128 |   1867 |   3 |  831.0 |
               +--------+--------+--------+--------+--------+-----+--------+

Top non-repeatable levels by time:
     D:2: 1149 daAuts
     D:1: 973 daAuts
     D:3: 371 daAuts
